 Dungeon Crawl Stone Soup version 0.19.0 (webtiles) character file.

2014 spe3d0 the Shield-Bearer (level 9, -2/43 HPs)
             Began as a Vine Stalker Fighter on Nov 1, 2016.
             Was an Initiate of Okawaru.
             Slain by a killer bee (6 damage)
             ... on level 6 of the Dungeon.
             The game lasted 00:12:52 (5722 turns).

spe3d0 the Shield-Bearer (Vine Stalker Fighter)     Turns: 5722, Time: 00:12:53

Health: -2/43      AC: 10    Str: 23    XL:     9   Next: 22%
Magic:  0/10       EV:  8    Int:  8    God:    Okawaru [......]
Gold:   275        SH: 11    Dex: 17    Spells: 0 memorised, 8 levels left

rFire  + . .     SeeInvis .     K - +0 trident (pierce)
rCold  . . .     Gourm    .     b - +0 scale mail
rNeg   . . .     Faith    .     c - +0 shield
rPois  .         Spirit   +     C - +2 helmet
rElec  .         Reflect  .     (no cloak)
rCorr  +         Harm     .     (no gloves)
MR     +....                    (no boots)
Stlth  ..........               u - amulet of Xieloim {+Rage +Inv rF+}
                                S - +4 ring of strength
                                R - ring of resist corrosion

@: no status effects
A: fangs 3, regeneration 1, magic shield, antimagic bite, no device heal 3, rot
immunity
a: Renounce Religion, Evoke Berserk Rage, Evoke Invisibility


You were on level 6 of the Dungeon.
You worshipped Okawaru.
Okawaru was noncommittal.
You were hungry.

You visited 2 branches of the dungeon, and saw 8 of its levels.
You also visited: Sewer.

You collected 275 gold pieces.


Innate Abilities, Weirdness & Mutations

You have razor-sharp teeth.
Your natural rate of healing is unusually fast.
When hurt, damage is shared between your health and your magic reserves.
Your bite disrupts and absorbs the magic of your enemies.
Potions and wands cannot restore your health.
You are immune to rotting.


   Skills:
 - Level 2.6 Fighting
 * Level 6.3 Polearms
 * Level 6.2 Armour
 * Level 6.8 Shields


You had 8 spell levels left.
You didn't know any spells.

Inventory:

Hand Weapons
 a - a +0 trident
 z - a +2 quarterstaff of chaos
 K - a +0 trident of piercing (weapon)
Missiles
 d - 4 throwing nets {=f}
Armour
 b - a +0 scale mail (worn)
 c - a +0 shield (worn)
 g - a cursed -1 cloak
 x - a +0 cloak
 C - a +2 helmet (worn)
Jewellery
 t - an uncursed ring of teleportation
 u - the amulet of Xieloim (around neck) {+Rage +Inv rF+}
   (You found it on level 5 of the Dungeon)

   [amulet of rage]

   It protects you from fire.
   It lets you turn invisible.
   It lets you go berserk.
 v - an uncursed ring of see invisible
 F - an uncursed ring of protection from fire
 J - an uncursed amulet of guardian spirit {unknown}
 R - a ring of resist corrosion (left hand)
 S - a +4 ring of strength (right hand)
Wands
 r - a wand of polymorph (11/24)
 s - a wand of polymorph (12/24)
Scrolls
 i - a scroll of teleportation {@r4}
 l - 2 scrolls of blinking
 m - 3 scrolls of amnesia {unknown}
 q - 9 scrolls of identify {unknown}
 y - 2 scrolls of immolation {unknown}
 A - 4 scrolls of enchant weapon {unknown}
 D - 3 scrolls of remove curse {@r2}
 G - 3 scrolls of random uselessness
 H - a scroll of recharging {unknown}
Potions
 e - 2 potions of curing {@q1}
 h - 2 potions of degeneration {unknown}
 k - 3 potions of lignification {unknown}
 n - a potion of brilliance
 w - a potion of resistance {unknown}
 B - a potion of agility {unknown}
 I - a potion of invisibility {unknown}
Comestibles
 f - 6 bread rations {@e1}
 j - 14 fruits {@e2}
 o - a beef jerky {@e2}
 p - 2 royal jellies {@e3}
 E - 2 meat rations {@e1}

Dungeon Overview and Level Annotations

Branches:
Dungeon (7/15)             Temple (1/1) D:6

Altars:
Cheibriados
Dithmenos
Elyvilon
Gozag
Hepliaklqana
Kikubaaqudgha
Makhleb
Nemelex Xobeh
Okawaru
Qazlal
Ru
Sif Muna
Vehumet
Xom
Yredelemnul
Zin
The Shining One

#..........#.###.##..<...#
#.###.###..#.##8.8#.......
###### #.#
############.#########
.....#
#.#####8##8##8##.##8##8##8
####.#
#....'....................
#.#
#..####8##8##8##.##8##8##8
#.#
#....###########.##*#***#*
#.###...#####yy.# #8.8#
####............@..# ##.##
..#######..#####y..# #.#
#.#######..# ##### ##.##
...........# #8.8#
..#.######## ##.## ..#.#
######## ###'# #.#.#
###≈#.≈#≈# #...#
#.#.######≈≈≈##≈#≈# #..##
#.#......#≈#≈##≈#≈###.#####


You could see 3 killer bees.


Message History

You are more poisoned.
The killer bee poisons you!
You feel sick. You block the shadow imp's attack.
You feel sick. You block the killer bee's attack.
The killer bee barely misses you. x2
The killer bee stings you but does no damage.
You block the killer bee's attack.
You feel sick. The killer bee barely misses you.
There is a stone staircase leading up here.
You feel sick. The killer bee closely misses you.
The killer bee stings you but does no damage.
The killer bee stings you.
* * * LOW HITPOINT WARNING * * *
The killer bee barely misses you. The killer bee stings you.
* * * LOW HITPOINT WARNING * * *
You are lethally poisoned!
The killer bee poisons you! You block the killer bee's attack.
The killer bee stings you.
* * * LOW HITPOINT WARNING * * *
You climb upwards.
* * * LOW HITPOINT WARNING * * *
You feel sick.
There is a stone staircase leading down here.
Use which ability? (? or * to list)
You can't do that.
Your system rejects the healing.
You feel better. The killer bee barely misses you. The killer bee stings you.
* * * LOW HITPOINT WARNING * * *
The killer bee stings you!
You die...

Skill      XL: |  1  2  3  4  5  6  7  8  9 |
---------------+----------------------------+-----
Shields        | 3 4 5 6 |  6.8
Polearms       | 2 3 4 5 6 |  6.3
Armour         | 3 4 5 6 |  6.2
Fighting       | |  2.6

Action                   |  1- 3 |  4- 6 |  7- 9 || total
-------------------------+-------+-------+-------++-------
Melee: Trident           |   127 |   121 |   344 ||   592
       Bite              |    25 |    27 |   107 ||   159
  Use: Potion            |       |     4 |     1 ||     5
       Scroll            |       |       |     5 ||     5
  Eat: Chunk             |     1 |     4 |    11 ||    16
Armor: Scale mail        |    82 |    42 |    97 ||   221
       Skin              |       |     9 |       ||     9
Dodge: Dodged            |    51 |    31 |    88 ||   170
Block: Shield            |    68 |    63 |   168 ||   299

Vault maps used:
D:1:      doesnt_arrival_goblin_jail, minmay_misc_feat_ornament, minivault_24
D:2:      minmay_diamond_boxcup, ecumenical_altar_1, uniq_jessica,
          uniq_crazy_yiuf_cottage
D:3:      first_bread, grunt_gozag_statues, uniq_iyjb
D:4:      grunt_temple_overflow_order_and_chaos_2, tgw_xom, elyvilon_altar_4,
          nicolae_qazlal_eye_of_the_storm
D:6:      lightli_sewer_entry_pipes, dk_noncrumbling_2, uniq_pikel,
          uniq_menkaure, uniq_edmund
Temple:   cyrus_circular_temple
Sewer:    sewer_the_crocodile

Notes
Turn   | Place    | Note
-------+----------+-------------------------------------------
     0 | D:1      | spe3d0 the Vine Stalker Fighter began the quest for the Orb.
     0 | D:1      | Reached XP level 1. HP: 11/11 MP: 2/2
    57 | D:1      | Reached XP level 2. HP: 15/16 MP: 3/3
   138 | D:1      | Reached skill level 3 in Shields
   193 | D:1      | Reached skill level 2 in Polearms
   512 | D:1      | Reached XP level 3. HP: 19/19 MP: 4/4
   975 | D:2      | Reached skill level 3 in Armour
  1115 | D:2      | Gained mutation: Your natural rate of healing is unusually fast. [Vine Stalker growth]
  1115 | D:2      | Reached XP level 4. HP: 23/23 MP: 5/5
  1162 | D:2      | Found a runed door.
  1373 | D:2      | Noticed Jessica
  1378 | D:2      | Killed Jessica
  1398 | D:2      | Reached XP level 5. HP: 19/27 MP: 6/6
  1484 | D:2      | Found a faded altar of an unknown god.
  1885 | D:2      | Noticed Crazy Yiuf
  1894 | D:2      | Killed Crazy Yiuf
  1958 | D:3      | Noticed Ijyb
  1971 | D:3      | Killed Ijyb
  1971 | D:3      | Reached skill level 3 in Polearms
  1971 | D:3      | Reached skill level 4 in Shields
  2157 | D:3      | Noticed lacuna's ghost (amateur DsGl)
  2173 | D:3      | Killed lacuna's ghost
  2173 | D:3      | Reached skill level 4 in Armour
  2173 | D:3      | Reached XP level 6. HP: 32/32 MP: 7/7
  2239 | D:3      | Noticed an ice beast
  2250 | D:3      | Killed an ice beast
  2251 | D:3      | Reached XP level 7. HP: 28/35 MP: 6/8
  2402 | D:3      | Found an opulent altar of Gozag.
  2584 | D:4      | Killed Qqwix's ghost
  2607 | D:4      | Found a white marble altar of Elyvilon.
  2650 | D:4      | Reached skill level 5 in Shields
  2665 | D:4      | Reached skill level 4 in Polearms
  3160 | D:4      | Found a burning altar of Makhleb.
  3165 | D:4      | Found a glowing silver altar of Zin.
  3165 | D:4      | Noticed an angel
  3166 | D:4      | Noticed a green death
  3205 | D:4      | Found a stormy altar of Qazlal.
  3516 | D:4      | Found a shimmering altar of Xom.
  3576 | D:5      | Entered Level 5 of the Dungeon
  3734 | D:4      | HP: 1/35 [ogre/giant club (6)]
  3735 | D:4      | Gained mutation: You have razor-sharp teeth. [Vine Stalker growth]
  3735 | D:4      | Reached XP level 8. HP: 1/39 MP: 9/9
  3916 | D:5      | Reached skill level 5 in Armour
  3954 | D:5      | Got a twitching ruby amulet
  4046 | D:5      | Identified the amulet of Xieloim {+Rage +Inv rF+} (You found it on level 5 of the Dungeon)
  4087 | D:5      | Reached skill level 5 in Polearms
  4494 | D:6      | Found a staircase to the Ecumenical Temple.
  4550 | D:6      | Found a glowing drain.
  4556 | Sewer    | Entered a sewer
  4743 | D:6      | Noticed Pikel
  4761 | D:6      | Killed Pikel
  4761 | D:6      | Reached skill level 6 in Shields
  4769 | D:6      | Reached XP level 9. HP: 25/43 MP: 10/10
  4812 | D:6      | Noticed Edmund
  4822 | D:6      | Noticed Menkaure
  4825 | D:6      | Killed Edmund
  4825 | D:6      | Reached skill level 6 in Polearms
  4825 | D:6      | Reached skill level 6 in Armour
  4830 | D:6      | Killed Menkaure
  4914 | Temple   | Entered the Ecumenical Temple
  4981 | Temple   | Became a worshipper of Warmaster Okawaru
  5722 | D:6      | HP: 4/43 [killer bee (3)]
  5722 | D:6      | Slain by a killer bee

Vanquished Creatures
  Pikel (D:6)
  The ghost of lacuna the Ducker, an amateur DsGl (D:3)
  Menkaure (D:6)
  Edmund (D:6)
  An ice beast (D:3)
  An ogre (D:4)
  A crocodile (Sewer)
  A centaur (D:6)
  2 howler monkeys
  2 crimson imps (D:5)
  A bullfrog zombie (D:5)
  A centaur zombie (D:6)
  Crazy Yiuf (D:2)
  Ijyb (D:3)
  A bullfrog skeleton (D:6)
  3 iguanas
  4 orc wizards
  Jessica (D:2)
  2 worker ants (D:4)
  A hound skeleton (D:4)
  9 gnolls
  10 adders
  An ooze (D:4)
  An adder zombie (D:6)
  3 worms
  4 dart slugs
  2 leopard geckos (D:2)
  13 orcs
  14 bats
  3 giant cockroaches
  11 goblins
  13 hobgoblins
  10 jackals
  12 kobolds
  2 quokkas
  3 ball pythons (D:2)
  A ball python skeleton (D:4)
  7 frilled lizards
  13 rats
160 creatures vanquished.

Vanquished Creatures (others)
  The ghost of Qqwix the Chopper, an amateur MiGl of the Shining One (D:4)
  A hound zombie (D:6)
  An orc (D:6)
3 creatures vanquished.

Grand Total: 163 creatures vanquished
